[Event "Late-Titled-Tuesday-Blitz-June-04-2024"]
[Site "Chess.com"]
[Date "2024.06.04"]
[Round "7"]
[White "Kiborg95"]
[Black "krzyzan94"]
[Result "1-0"]
[WhiteElo "2917"]
[BlackElo "2795"]
[TimeControl "180+1"]
[EndTime "15:16:02 PDT"]
[Termination "Kiborg95 won by checkmate"]

1. e4 c5 2. Nc3 d6 3. f4 g6 4. Nf3 Bg7 5. Bb5+ Bd7 6. Bc4 Nc6 7. d3 Na5 8. Bd2 Nxc4 9. dxc4 Nf6 10. Qe2 O-O 11. O-O-O a6 12. e5 Ne8 13. h4 Bg4 14. h5 b5 15. hxg6 fxg6 16. Rh4 Bxf3 17. Qxf3 dxe5 18.
Be3 Nd6 19. Rdh1 h5 20. Qd5+ Nf7 21. Qe4 exf4 22. Nd5 e5 23. Qxg6 Qg5 24. Ne7+ Qxe7 25. Rxh5 Rfd8 26. Bf2 Qf6 27. Qg4 e4 28. c3 e3 29. Bh4 Ne5 30. Qh3 Qg6 31. Rg5 Qd3 32.
Qe6+ Nf7 33. Rxg7+ Kxg7 34. Bf6+ Kf8 35. Be7+ Kg7 36.
Qg4+ Ng5 37. Qxg5+ Qg6 38. Bf6+ Kf7 39. Qe5 e2 40.
Qe7+ Kg8 41. Rh8# 1-0

[Event "Late-Titled-Tuesday-Blitz-June-04-2024"]
[Site "Chess.com"]
[Date "2024.06.04"]
[Round "7"]
[White "profedechess93"]
[Black "cthulhuuu"]
[Result "1-0"]
[WhiteElo "2600"]
[BlackElo "2434"]
[TimeControl "180+1"]
[EndTime "15:16:03 PDT"]
[Termination "profedechess93 won on time"]

1. e4 d6 2. d4 Nf6 3. Nc3 c6 4. f3 b5 5. Be3 e5 6. Qd2 Be7 7.
O-O-O Qc7 8. g4 O-O 9. g5 Nh5 10. Nce2 f5 11. gxf6 Bxf6 12. Ng3 Nf4 13. N1e2 Qf7 14.
Kb1 Be6 15. a3 a5 16. dxe5 dxe5 17. Bc5 Re8 18. Nf5 Bxf5 19. exf5 Na6 20. Bb6 Nd5 21. Bxa5 Nc5 22. Nc1 e4 23. c4 e3 24. Qc2 Nf4 25. Bb4 Na6 26. Bd6 e2 27. Nxe2 Nxe2 28. Bxe2 Rad8 29.
c5 Nc7 30. Bd3 Nd5 31. Rde1 Ne3 32. Qd2 Nc4 33. Bxc4 Qxc4 34. Qc2 Qd4 35. Rd1 Qe3 36. Ka2 b4 37. Qb3+ 1-0

[Event "Late-Titled-Tuesday-Blitz-June-04-2024"]
[Site "Chess.com"]
[Date "2024.06.04"]
[Round "7"]
[White "Arash_Tahbaz"]
[Black "Hikaru"]
[Result "0-1"]
[WhiteElo "2830"]
[BlackElo "3209"]
[TimeControl "180+1"]
[EndTime "15:16:06 PDT"]
[Termination "Hikaru won on time"]

1. Nf3 a6 2. g3 c5 3. Bg2 b5 4.
O-O Bb7 5. d3 d5 6. Nbd2 Nf6 7.
e4 e6 8. Re1 Be7 9. e5 Nfd7 10.
h4 Nc6 11. Nf1 Qc7 12. Qe2 d4 13. a4 O-O 14. N1h2 Nb4 15. Bg5 Nb6 16. Ng4 Nxa4 17. Qd2 Nd5 18. Bh6 f5 19. exf6 Nxf6 20. Bf4 Bd6 21.
Bxd6 Qxd6 22. Nge5 Rae8 23. Rab1 Bd5 24. c4 dxc3 25.
bxc3 Bxf3 26. Bxf3 Nd5 27. Rbc1 Rf5 28. d4 Ref8 29.
Kg2 Nab6 30. Re2 R5f6 31. Rce1 c4 32. Bg4 b4 33. cxb4 c3 34. Qa2 Nxb4 35. Qb3 Qd5+ 36. Qxd5 exd5 37. Nf3 c2 38. Ng5 Nd3 39. Rf1 Rxf2+ 40. Rexf2 Rxf2+ 41. Rxf2 Nxf2 42. Be6+ Kf8 0-1

[Event "Late-Titled-Tuesday-Blitz-June-04-2024"]
[Site "Chess.com"]
[Date "2024.06.04"]
[Round "7"]
[White "The_Sherman_Variation"]
[Black "Quattroporte300"]
[Result "1-0"]
[WhiteElo "2599"]
[BlackElo "2446"]
[TimeControl "180+1"]
[EndTime "15:16:06 PDT"]
[Termination "The_Sherman_Variation won on time"]

1. b3 e5 2. Bb2 Nc6 3. e3 Nf6 4. Bb5 Bd6 5. Nf3 Qe7 6. Bxc6 dxc6 7. d4 e4 8. Ne5 O-O 9. O-O Bxe5 10. dxe5 Ng4 11.
Qd4 Bf5 12. h3 Rad8 13. Qc3 Nh6 14. Nd2 Qg5 15. Kh2 Rfe8 16. Rad1 Re6 17. f4 Qh4 18.
Nc4 Rde8 19. Qe1 Qh5 20. Na5 b6 21. Nc4 Rg6 22. e6 Rgxe6 23. Ne5 Ng4+ 24. Nxg4 Bxg4 25.
Rd7 Rh6 26. Qc3 f6 27. Rd2 Bxh3 28. gxh3 Qxh3+ 29. Kg1 Rg6+ 30. Kf2 Rg2+ 31. Ke1 Qg3+ 32. Kd1 Rg1 33. Qc4+ Kh8 34. Kc1 Rxf1+ 35. Qxf1 Qxe3 36. Bd4 Qg3 37. Rg2 Qh4 38. Kb2 Qh6 39. f5 c5 40.
Bc3 e3 41. Qf3 Kg8 42. Re2 Kh8 43. Qc6 1-0

[Event "Late-Titled-Tuesday-Blitz-June-04-2024"]
[Site "Chess.com"]
[Date "2024.06.04"]
[Round "7"]
[White "CarlosjPineror"]
[Black "kingofthenil"]
[Result "1/2-1/2"]
[WhiteElo "2679"]
[BlackElo "2879"]
[TimeControl "180+1"]
[EndTime "15:16:07 PDT"]
[Termination "Game drawn by repetition"]

1. e4 g6 2. d4 Bg7 3. Nc3 d6 4. Be3 Nf6 5. f3 c6 6. Qd2 b5 7.
h4 h5 8. Nh3 Bxh3 9. Rxh3 Nbd7 10. a4 b4 11. Nd1 a5 12. Nf2 e5 13. dxe5 Nxe5 14. Rd1 d5 15. Bc5 Bf8 16. Bd4 Bd6 17.
f4 Neg4 18. Bxf6 Qxf6 19. e5 Qe7 20. Be2 Bc5 21. Nxg4 hxg4 22. Bxg4 Rxh4 23. Qe2 Rxh3 24. gxh3 Kf8 25. Kf1 Kg7 26. Re1 Re8 27. Kg2 Qh4 28.
Rf1 Kh7 29. f5 Bd6 30. fxg6+ fxg6 31. Rf7+ Kg8 32. e6 Qg3+ 33. Kf1 Bc5 34. Qf3 Qg1+ 35. Ke2 Qc1 36. Qd3 Kh8 37. Qxg6 Qe3+ 38. Kd1 Qg1+ 39.
Ke2 Qg2+ 40. Kd1 Qg1+ 41. Ke2 Qe3+ 42. Kd1 Qd4+ 43. Ke2 Qe3+ 1/2-1/2

[Event "Late-Titled-Tuesday-Blitz-June-04-2024"]
[Site "Chess.com"]
[Date "2024.06.04"]
[Round "7"]
[White "KNVB"]
[Black "HowTo2Draw"]
[Result "1-0"]
[WhiteElo "2779"]
[BlackElo "2605"]
[TimeControl "180+1"]
[EndTime "15:16:07 PDT"]
[Termination "KNVB won on time"]

1. d4 Nf6 2. Bf4 d5 3. e3 e6 4. Nd2 Bd6 5. Ngf3 O-O 6. Bd3 c5 7. c3 b6 8. Qe2 a5 9. O-O Ba6 10. Bxa6 Nxa6 11. a4 Qc7 12. Bxd6 Qxd6 13. Ne5 Nd7 14.
f4 f6 15. Nxd7 Qxd7 16. Nf3 Nb8 17. e4 Nc6 18. Rad1 c4 19. Rfe1 Rae8 20. Qc2 Qc7 21. g3 Qf7 22. Re3 Qg6 23. Rde1 Kh8 24. f5 exf5 25. exd5 Rxe3 26. Rxe3 Nb8 27. Nh4 Qg5 28. Qe2 Nd7 29. Re7 f4 30. Rxd7 fxg3 31. hxg3 Qxg3+ 32.
Ng2 Qg5 33. Qe3 Qg4 34. Qe6 Qd1+ 35. Kh2 Qh5+ 36. Kg3 Qg5+ 37. Kf2 Qd2+ 38. Kf3 Qd1+ 39. Kg3 Qd3+ 40. Kh2 Qd2 41. Re7 Qh6+ 42. Kg3 Qg5+ 43.
Kf2 Qd2+ 44. Kf3 1-0

[Event "Late-Titled-Tuesday-Blitz-June-04-2024"]
[Site "Chess.com"]
[Date "2024.06.04"]
[Round "7"]
[White "DeTimmerman"]
[Black "Zhigalko_Sergei"]
[Result "0-1"]
[WhiteElo "2773"]
[BlackElo "2914"]
[TimeControl "180+1"]
[EndTime "15:16:09 PDT"]
[Termination "Zhigalko_Sergei won by resignation"]

1. b4 e5 2. Bb2 Bxb4 3. Bxe5 Nf6 4. Nc3 O-O 5. Bxf6 Qxf6 6. Nd5 Qd6 7. c4 Ba5 8. e3 Re8 9. Be2 c6 10. Nf4 Qh6 11. Nf3 Bc7 12. g3 Na6 13. O-O Nc5 14. d4 Ne4 15. Bd3 Nf6 16. Re1 d6 17. Qc2 Bg4 18. Nd2 Re7 19. Bf5 Ba5 20. Bxg4 Nxg4 21. h3 Nf6 22. h4 Rae8 23. Re2 Bxd2 24. Qxd2 Ng4 25. Ree1 Nf6 26. Qa5 a6 27. Rab1 Ne4 28. Ng2 Qf6 29. Rb2 h6 30. Reb1 g5 31. Qe1 b5 32. cxb5 axb5 33. Rc1 d5 34. Qe2 Re6 35. Rbc2 Ra8 36. hxg5 hxg5 37. Ne1 Kg7 38. Nd3 Rh8 39. Ne5 Qh6 40. Qf3 Qh2+ 41. Kf1 Rf6 42. Qg2 Nxg3+ 0-1

[Event "Late-Titled-Tuesday-Blitz-June-04-2024"]
[Site "Chess.com"]
[Date "2024.06.04"]
[Round "7"]
[White "IlanSchnaider"]
[Black "zverr1"]
[Result "1-0"]
[WhiteElo "2782"]
[BlackElo "2610"]
[TimeControl "180+1"]
[EndTime "15:16:09 PDT"]
[Termination "IlanSchnaider won on time"]

1. e4 c5 2. c3 g6 3. Nf3 Bg7 4. d4 cxd4 5. cxd4 d5 6. e5 a6 7.
Nc3 Nc6 8. Be2 Bg4 9. O-O e6 10. Be3 Nge7 11. Qd2 O-O 12. Bg5 Bxf3 13. Bxf3 f6 14.
exf6 Bxf6 15. Bxf6 Rxf6 16. Rfe1 Nf5 17. Rad1 Nfxd4 18. Bg4 Qd6 19. Qg5 Raf8 20. Rd2 e5 21.
h4 Kg7 22. b4 h6 23. Qe3 Rf4 24. Bh3 Rxh4 25. Qg3 Rhf4 26. Ne2 Nxe2+ 27. Rdxe2 Qxb4 28. Bd7 Rxf2 29. Bxc6 Rxe2 30. Rxe2 Qd4+ 31. Kh2 bxc6 32. Rxe5 Qf4 33. Re7+ Kg8 34. Re6 Qxg3+ 35. Kxg3 Rc8 36. Rxg6+ Kh7 37. Rd6 Kg7 38. Kf4 Kf7 39. Ke5 Ke7 40. Rxh6 d4 41. Rh7+ Ke8 42. Ke6 Kd8 43. Kd6 Ke8 44.
Rh8+ Kf7 45. Rxc8 d3 46. Rd8 d2 47. Kxc6 1-0

[Event "Late-Titled-Tuesday-Blitz-June-04-2024"]
[Site "Chess.com"]
[Date "2024.06.04"]
[Round "7"]
[White "StellarChess"]
[Black "VladimirBugayev"]
[Result "1/2-1/2"]
[WhiteElo "2524"]
[BlackElo "2339"]
[TimeControl "180+1"]
[EndTime "15:16:10 PDT"]
[Termination "Game drawn by repetition"]

1. e4 c6 2. Nc3 d5 3. d4 dxe4 4. Nxe4 Nf6 5. Nxf6+ exf6 6. Nf3 Bd6 7. Bd3 O-O 8. Be3 Bg4 9. h3 Bh5 10. Qe2 a5 11. g4 Bg6 12. h4 Na6 13. c3 Re8 14. h5 Bxd3 15. Qxd3 h6 16. O-O-O b5 17. Nh4 Bf8 18.
Nf5 Qd5 19. Kb1 a4 20. Rhg1 Rad8 21. Bc1 c5 22. f4 cxd4 23. g5 Nc5 24. Nxh6+ gxh6 25.
gxf6+ Kh8 26. Qg3 Qf5+ 27. Ka1 Qh7 28. f5 dxc3 29. bxc3 Rxd1 30. Rxd1 Qxf5 31. Rg1 Qh7 32. Qf3 Nb3+ 33. axb3 axb3 34. Rg2 Re1 35. Kb2 b4 36. Qa8 Qg7 37. Rg1 Qxg1 38. Qxf8+ Kh7 39. Qxf7+ Kh8 40. Qf8+ Kh7 41. Qf7+ Kh8 42. Qf8+ Qg8 43. Qxh6+ Qh7 44. Qg6 Qa7 45. Qh6+ Kg8 46. Qg6+ Kh8 47. Qh6+ Kg8 48. Qg6+ Kh8 1/2-1/2

[Event "Late-Titled-Tuesday-Blitz-June-04-2024"]
[Site "Chess.com"]
[Date "2024.06.04"]
[Round "7"]
[White "NCchamp"]
[Black "jaskol95"]
[Result "0-1"]
[WhiteElo "2420"]
[BlackElo "2565"]
[TimeControl "180+1"]
[EndTime "15:16:10 PDT"]
[Termination "jaskol95 won on time"]

1. d4 d5 2. c4 e5 3. dxe5 d4 4.
Bf4 g5 5. Bg3 Bg7 6. e3 Nc6 7.
exd4 Qxd4 8. Nc3 Bxe5 9. Qc2 Bxg3 10. hxg3 Be6 11. Nf3 Qf6 12. O-O-O Rd8 13. Rxd8+ Kxd8 14. Be2 Kc8 15. Ne4 Qg6 16. Nexg5 Bf5 17. Qc3 Nf6 18.
Nh3 Qh6+ 19. Qd2 Qg7 20. Nf4 Rd8 21. Qc3 a5 22. Nh4 Be4 23. Bf3 Nb4 24. Qa3 Bxf3 25.
gxf3 Nd7 26. Qxa5 Na6 27. Qc3 Qg5 28. Qe3 Qa5 29. Qa3 Qe5 30. Qc3 Qc5 31. Qe3 Qxc4+ 32. Qc3 Qxa2 33. Kc2 Qa4+ 34. Qb3 Qc6+ 35. Qc3 Nb4+ 36. Kb1 Qb5 37. Rc1 c6 38. Qa3 Nb6 39. Nf5 Qxf5+ 40. Ka1 Nc2+ 41. Kb1 Nxa3+ 42. Ka2 Nb5 43. Rxc6+ bxc6 0-1

[Event "Late-Titled-Tuesday-Blitz-June-04-2024"]
[Site "Chess.com"]
[Date "2024.06.04"]
[Round "7"]
[White "cthake"]
[Black "Mariia89"]
[Result "0-1"]
[WhiteElo "1753"]
[BlackElo "2236"]
[TimeControl "180+1"]
[EndTime "15:16:10 PDT"]
[Termination "Mariia89 won on time"]

1. e4 c6 2. d4 d5 3. e5 Bf5 4. Nf3 e6 5. Be2 c5 6. dxc5 Bxc5 7. O-O Nc6 8. Nbd2 Nge7 9. Nb3 Bb6 10. c3 Bg4 11.
Bb5 O-O 12. Re1 Ng6 13. Bxc6 bxc6 14. h3 Bf5 15. Nbd4 Be4 16. Nxc6 Qc7 17. Ncd4 a6 18. h4 Bxd4 19. Qxd4 Bxf3 20. gxf3 Ne7 21. Qg4 Nf5 22.
Bf4 Rfb8 23. Re2 Qc4 24. Rd2 a5 25. Kh2 Kf8 26. Rg1 a4 27. Rd4 Qc7 28. Rd2 a3 29. b3 Qxc3 30. h5 h6 31. Bxh6 gxh6 32. Rdd1 Qb4 33.
Qg8+ Ke7 34. Qh7 Qh4+ 35. Kg2 Qxh5 36. Kf1 Qxf3 37. Re1 Qd3+ 38. Re2 Ng3+ 39. Rxg3 Qxh7 0-1

[Event "Late-Titled-Tuesday-Blitz-June-04-2024"]
[Site "Chess.com"]
[Date "2024.06.04"]
[Round "7"]
[White "szachmistrz2500"]
[Black "AradNazari"]
[Result "0-1"]
[WhiteElo "2496"]
[BlackElo "2719"]
[TimeControl "180+1"]
[EndTime "15:16:11 PDT"]
[Termination "AradNazari won on time"]

1. d4 c5 2. d5 e6 3. e4 d6 4. Nc3 Nf6 5. Nf3 a6 6. a4 Be7 7. Be2 O-O 8. O-O Nbd7 9. Nd2 exd5 10. exd5 Rb8 11. a5 Re8 12. Nc4 b5 13. axb6 Nxb6 14. Na5 Qc7 15. Bf4 Bb7 16. Nxb7 Qxb7 17. Bxa6 Qc7 18.
Bb5 Red8 19. Bc6 g6 20. Re1 Nh5 21. Bc1 Bf6 22. Ne4 Bg7 23. g4 Nf6 24. Bg5 Nxe4 25.
Bxd8 Qxd8 26. Rxe4 Qh4 27. Qf3 Bxb2 28. Rb1 Be5 29. h3 Qg5 30. Ra4 Qe7 31. Ra6 Qc7 32. Kg2 Kg7 33. g5 Nc8 34. Rxb8 Qxb8 35. Ra8 Qc7 36.
Be8 Nb6 37. Ra6 Nc4 38. h4 Qe7 39. Qxf7+ Qxf7 40. Bxf7 Kxf7 41. Ra7+ Kg8 42. Kf3 Bd4 43. Ke2 Nb6 0-1

[Event "Late-Titled-Tuesday-Blitz-June-04-2024"]
[Site "Chess.com"]
[Date "2024.06.04"]
[Round "7"]
[White "betta2004"]
[Black "ural58"]
[Result "0-1"]
[WhiteElo "2539"]
[BlackElo "2430"]
[TimeControl "180+1"]
[EndTime "15:16:13 PDT"]
[Termination "ural58 won by checkmate"]

1. Nf3 d5 2. e3 c6 3. b3 Bg4 4.
Bb2 Nd7 5. Be2 e6 6. d4 f5 7. Nbd2 Ngf6 8. Ne5 Bxe2 9. Qxe2 Nxe5 10. dxe5 Ne4 11. Nxe4 fxe4 12. O-O-O Be7 13. f3 O-O 14. fxe4 Qa5 15. exd5 cxd5 16. Kb1 Rf5 17. e4 dxe4 18.
Rd7 Ba3 19. Qc4 Re8 20. Rf1 e3 21. Bc3 Qa6 22. Qxa6 bxa6 23. Re1 Bc5 24. b4 Bb6 25. a4 Rc8 26. Kb2 a5 27. bxa5 Bc5 28. a6 Rc6 29.
Kb3 Rxa6 30. Bd4 Bxd4 31. Rxd4 Rxe5 32. Rf1 h5 33. Re1 Rb6+ 34. Kc3 e2 35. Kd2 Rc6 36. c4 Ra6 37. c5 Rxc5 38. Rxe2 Rb6 39. Kd3 Rb3+ 40.
Ke4 Ra3 41. Rb2 Ra5 42. Rb8+ Kh7 43. Rbb4 Ra2 44. Kf3 Rf5+ 45. Kg3 Rg5+ 46. Kh4 Rgxg2 47. h3 g6 48. Rd6 Rae2 49. Rb8 Re4# 0-1

[Event "Late-Titled-Tuesday-Blitz-June-04-2024"]
[Site "Chess.com"]
[Date "2024.06.04"]
[Round "7"]
[White "th3d4rkness"]
[Black "Heliosis11"]
[Result "0-1"]
[WhiteElo "2173"]
[BlackElo "2386"]
[TimeControl "180+1"]
[EndTime "15:16:16 PDT"]
[Termination "Heliosis11 won on time"]

1. e4 c6 2. d4 d5 3. e5 Bf5 4.
h4 h5 5. Bg5 Qa5+ 6. Nc3 e6 7.
a3 Nd7 8. Bd3 g6 9. Bxf5 gxf5 10. Nf3 Be7 11. O-O Nh6 12. b4 Qc7 13. Na4 Ng4 14.
Nc5 Nb6 15. Bxe7 Kxe7 16. g3 Nc4 17. Nd2 Nb6 18. a4 Rag8 19. a5 Nd7 20. Nf3 f4 21.
Nxd7 Qxd7 22. Ng5 Rg6 23. gxf4 Rhg8 24. Kh1 Ke8 25. Qf3 Qe7 26. Rg1 Nh6 27. c4 Nf5 28. Qh3 Nxd4 29. cxd5 cxd5 30. Rac1 Ne2 31. Rc8+ Kd7 32.
Rxg8 Rxg8 33. Re1 Nxf4 34. Qf3 Rxg5 35. Qxf4 Rf5 36. Qg3 Qxb4 37. Rc1 Rf4 38. f3 Rxh4+ 39. Kg1 Qd4+ 40. Kg2 Rf4 41. Rc2 Qxe5 0-1

[Event "Late-Titled-Tuesday-Blitz-June-04-2024"]
[Site "Chess.com"]
[Date "2024.06.04"]
[Round "7"]
[White "IngOscarArdila"]
[Black "Onthequiet"]
[Result "0-1"]
[WhiteElo "2285"]
[BlackElo "2412"]
[TimeControl "180+1"]
[EndTime "15:16:17 PDT"]
[Termination "Onthequiet won on time"]

1. d4 b6 2. Nf3 Bb7 3. e3 Nf6 4. Be2 g6 5. O-O Bg7 6. c4 O-O 7.
Nc3 e6 8. b3 c5 9. Ba3 Na6 10.
Rc1 d6 11. Nb5 Nc7 12. dxc5 Nxb5 13. cxb5 dxc5 14. Qxd8 Rfxd8 15. Rfd1 Nd5 16. Kf1 Nc3 17. Rxd8+ Rxd8 18. Rc2 Be4 19. Rd2 Rd5 20. Rxd5 Bxd5 21. Bc4 Nxa2 22. Ke2 Nc3+ 23. Kd3 Ne4 24. Ke2 Bc3 25.
Ng1 Nd6 26. Kd3 Be1 27. f3 f5 28. Ne2 Bxc4+ 29. bxc4 e5 30. Bb2 e4+ 31. fxe4 fxe4+ 32. Kc2 Nxc4 33. Bc1 Bf2 34. Nc3 Nd6 35. Kd1 Bh4 36.
Nd5 Nxb5 37. Bd2 Kf7 38. Kc2 Bd8 39. Kb3 Nd6 40. Nc3 b5 41. Nd5 Ke6 42. Nf4+ Kd7 43.
Bc3 Bg5 44. Nd5 Kc6 0-1

[Event "Late-Titled-Tuesday-Blitz-June-04-2024"]
[Site "Chess.com"]
[Date "2024.06.04"]
[Round "7"]
[White "BardArtem"]
[Black "rasmussvane"]
[Result "1/2-1/2"]
[WhiteElo "2746"]
[BlackElo "2921"]
[TimeControl "180+1"]
[EndTime "15:16:19 PDT"]
[Termination "Game drawn by stalemate"]

1. d4 d5 2. Nc3 Nf6 3. Bf4 c5 4. e4 Nxe4 5. Nxe4 dxe4 6. dxc5 Qa5+ 7. c3 Qxc5 8. Qa4+ Nc6 9. Qxe4 g6 10. Nf3 Bg7 11.
Qe3 Qxe3+ 12. Bxe3 Be6 13. Bb5 O-O 14. O-O Rfc8 15.
Rfe1 a6 16. Bxc6 Rxc6 17. Nd4 Bxd4 18. Bxd4 f6 19. Re2 Kf7 20. Rae1 Re8 21. b3 b5 22. f4 h6 23. Kf2 g5 24. g3 Bf5 25.
Ke3 e5 26. fxe5 fxe5 27. Kd2 e4 28. Rf2 Kg6 29. Ref1 e3+ 30. Bxe3 Re5 31. Bd4 Rd5 32. g4 Bxg4 33. Rf6+ Rxf6 34. Rxf6+ Kh5 35. Rxa6 Bf3 36. Ke3 Bh1 37. Bg7 Kg4 38. Bxh6 Rd7 39. a4 bxa4 40. Rxa4+ Kh5 41. Bf8 Rf7 42. Bd6 Rf3+ 43. Kd4 Rf2 44. Bg3 Rd2+ 45. Kc5 Rc2 46. c4 Kg4 47. b4 Kh3 48. b5 Bf3 49. Rb4 g4 50. b6 Bb7 51.
Kd6 Rd2+ 52. Kc7 Bf3 53. b7 Bxb7 54. Kxb7 Rc2 55. Kb6 Rb2 56. Rxb2 1/2-1/2

[Event "Late-Titled-Tuesday-Blitz-June-04-2024"]
[Site "Chess.com"]
[Date "2024.06.04"]
[Round "7"]
[White "dealshark"]
[Black "MiguelBestard1981"]
[Result "1-0"]
[WhiteElo "2400"]
[BlackElo "2190"]
[TimeControl "180+1"]
[EndTime "15:16:19 PDT"]
[Termination "dealshark won on time"]

1. e4 e5 2. Nf3 Nf6 3. Nxe5 d6 4.
Nf3 Nxe4 5. Bd3 Nf6 6. O-O Be7 7.
c3 O-O 8. Bc2 Re8 9. h3 Nbd7 10. d4 Nf8 11. d5 Ng6 12. c4 Bf8 13. Nc3 Bd7 14. b3 Ne5 15. Bf4 Nxf3+ 16. Qxf3 c5 17.
Rfe1 Qa5 18. g4 Rxe1+ 19. Rxe1 Re8 20. Rxe8 Nxe8 21. Kg2 b5 22. Qd3 g6 23. Nxb5 Bxb5 24.
cxb5 Qxa2 25. h4 Qb2 26. h5 Qd4 27. Qxd4 cxd4 28. Kf3 Nc7 29. Ke4 Nxb5 30. Bd3 Nc7 31. Kxd4 gxh5 32. gxh5 Kg7 33. h6+ Kg8 34. Kc4 Be7 35.
Be4 Bd8 36. Bxd6 Ne8 37. Be5 Nf6 38. Bf5 Kf8 39. Kc5 Ng8 40. Bg7+ Ke8 41. Bxh7 Bb6+ 42.
Kc6 Ne7+ 43. Kd6 Nc8+ 44. Ke5 Bc7+ 45. Ke4 Nd6+ 46. Kd4 Bb6+ 47. Ke5 1-0

[Event "Late-Titled-Tuesday-Blitz-June-04-2024"]
[Site "Chess.com"]
[Date "2024.06.04"]
[Round "7"]
[White "nitpicker"]
[Black "Engima32"]
[Result "0-1"]
[WhiteElo "2313"]
[BlackElo "2469"]
[TimeControl "180+1"]
[EndTime "15:16:21 PDT"]
[Termination "Engima32 won on time"]

1. d4 d5 2. c4 c6 3. Nf3 Nf6 4. Qb3 dxc4 5. Qxc4 g6 6. Bg5 Bg7 7. e3 O-O 8. Be2 Be6 9. Qc2 Bf5 10. Qb3 Nbd7 11. O-O Nb6 12. a4 Be6 13. Qc2 Bf5 14. Qb3 Ne4 15. Bf4 Qd5 16. Nbd2 Qxb3 17. Nxb3 Nd5 18.
Ne5 Nxf4 19. exf4 f6 20. Bc4+ e6 21. g4 fxe5 22. gxf5 exd4 23. Bxe6+ Kh8 24. Rfe1 gxf5 25. Rad1 Rad8 26. Bxf5 Nxf2 27. Kxf2 Rxf5 28. Re4 c5 29.
Ke2 Rc8 30. Na5 b6 31. Nc4 Rcf8 32. Rf1 Bh6 33. Kf3 Rxf4+ 34. Rxf4 Rxf4+ 35. Kg2 Rxf1 36. Kxf1 Bf4 37. h3 Kg7 38. Ke2 Kg6 39. Kd3 Kf5 40.
b4 Bc7 41. bxc5 bxc5 42. Nd2 a5 43. Nb3 Bb6 44. Kc4 Ke4 45. Nd2+ Ke3 46. Nb3 d3 47. Kc3 c4 48. Nc1 d2 0-1

[Event "Late-Titled-Tuesday-Blitz-June-04-2024"]
[Site "Chess.com"]
[Date "2024.06.04"]
[Round "7"]
[White "TigrVShlyape"]
[Black "FairChess_on_YouTube"]
[Result "1/2-1/2"]
[WhiteElo "2917"]
[BlackElo "3072"]
[TimeControl "180+1"]
[EndTime "15:16:23 PDT"]
[Termination "Game drawn by repetition"]

1. e4 c5 2. Nf3 Nc6 3. d4 cxd4 4. Nxd4 Qb6 5. Nb3 e6 6. Nc3 Nf6 7. a3 Qc7 8. Be3 Be7 9. f4 O-O 10. Bd3 d6 11. O-O b6 12. Qf3 Bb7 13. Qg3 Rac8 14. Rae1 Rfd8 15. Kh1 Qb8 16. Qh3 Qa8 17. Nd4 g6 18. f5 exf5 19. exf5 Ne5 20. Bg5 Rf8 21. Re2 Rxc3 22. bxc3 Qd8 23. Bh6 Re8 24. Bb5 Ne4 25. fxg6 hxg6 26. Bxe8 Qxe8 27. Ree1 d5 28. c4 Bc8 29.
Qb3 dxc4 30. Qb5 Qxb5 31. Nxb5 Bb7 32. Bf4 Ng4 33. h3 Nef2+ 34. Kg1 Nxh3+ 35. Kh1 Nhf2+ 36. Rxf2 Nxf2+ 37. Kg1 Ne4 38. Nxa7 Bxa3 39. Be3 Bc5 40. Bxc5 Nxc5 41. Rb1 Be4 42. Rxb6 Bxc2 43. Rc6 Ne6 44. Rxc4 Bd3 45. Rc3 Bf5 46. Nc8 Kg7 47. Nd6 Bg4 48.
Kf2 Ng5 49. Ke3 Be6 50. Kf4 Nh7 51. Ne4 Nf6 52. Nxf6 Kxf6 53. Rc5 Kg7 54. g4 Ba2 55. g5 Bb3 56. Rc7 Ba2 57. Ke5 Bb3 58. Rb7 Ba2 59. Ra7 Bb3 60. Rb7 Ba2 61. Ra7 Bb3 62. Rb7 1/2-1/2

[Event "Late-Titled-Tuesday-Blitz-June-04-2024"]
[Site "Chess.com"]
[Date "2024.06.04"]
[Round "7"]
[White "lachesisQ"]
[Black "Kacparov"]
[Result "0-1"]
[WhiteElo "3031"]
[BlackElo "2923"]
[TimeControl "180+1"]
[EndTime "15:16:23 PDT"]
[Termination "Kacparov won by resignation"]

1. d4 Nf6 2. c4 e6 3. Nc3 Bb4 4. e3 O-O 5. Bd2 b6 6. a3 Bxc3 7. Bxc3 Bb7 8. Ne2 Ne4 9. Qc2 d6 10. h4 Nd7 11. f3 Nxc3 12. Nxc3 f5 13. O-O-O Qf6 14. Bd3 a6 15. Kb1 c5 16. h5 h6 17.
Rhe1 Rae8 18. dxc5 Nxc5 19. Na4 Nxd3 20. Qxd3 b5 21.
Nb6 bxc4 22. Qxc4 Qe7 23. Qb4 Rd8 24. Rd2 Rfe8 25. Rc1 d5 26. Qxe7 Rxe7 27. Nc4 Rc7 28. Ne5 Rdc8 29. Rdc2 Rxc2 30. Rxc2 Kf8 31. Rxc8+ Bxc8 32.
Kc2 Ke7 33. Kc3 Kd6 34. Kd4 a5 35. b4 axb4 36. axb4 Ba6 37. Nf7+ Ke7 38. Ne5 Kd6 39. Nd3 Bb5 40. f4 Be8 41. Ne5 Bxh5 42. b5 Be2 43. b6 Ba6 44. g3 Bc8 45. Ng6 Ba6 46. Nh8 Bc8 47. Ng6 Ba6 48. Ne5 Bc8 49. Nf7+ Ke7 50. Ke5 Kxf7 51. Kd6 Ba6 52. Kc7 Ke7 53. Kb8 Kd7 54.
Ka7 Bc8 55. Kb8 g5 0-1

[Event "Late-Titled-Tuesday-Blitz-June-04-2024"]
[Site "Chess.com"]
[Date "2024.06.04"]
[Round "7"]
[White "Alphafischer2019"]
[Black "pavelalexandru07"]
[Result "1-0"]
[WhiteElo "2627"]
[BlackElo "2454"]
[TimeControl "180+1"]
[EndTime "15:16:25 PDT"]
[Termination "Alphafischer2019 won by resignation"]

1. d4 Nf6 2. Nc3 d5 3. Bf4 a6 4. e3 e6 5. g4 c5 6. Bg2 Nc6 7. g5 Nd7 8. Nge2 Be7 9. h4 b5 10. dxc5 Nxc5 11. Nd4 Bb7 12. Nxc6 Bxc6 13. Qd4 f6 14.
gxf6 gxf6 15. O-O-O Rg8 16. Bf3 e5 17. Bxe5 fxe5 18.
Qxe5 Qd6 19. Qh5+ Qg6 20. Qxg6+ hxg6 21. Bxd5 Bxd5 22. Nxd5 Rc8 23. h5 gxh5 24. Rxh5 Ne6 25. Re5 Kf7 26. f4 Rg2 27. c3 Bc5 28. Rf5+ Kg7 29. Rh1 Nf8 30. Rfh5 Re8 31. R5h3 Re2 32. Rg1+ Kf7 33. Rgg3 Re1+ 34. Kd2 Rb1 35. Kc2 Re1 36.
b4 Bd6 37. Rg5 Ra1 38. f5 Rxa2+ 39. Kd3 Be5 40. e4 Rd8 41. Rf3 Ra3 42. Kc2 Bf6 43.
Rh5 Rc8 44. Rh6 Bxc3 45. Rxc3 Rcxc3+ 46. Nxc3 a5 47. Nxb5 Ra2+ 48. Kb3 Re2 49. Nc3 a4+ 50. Kxa4 Re3 51. Kb3 Nd7 52. Re6 Nf8 53. Re5 Kf6 54. Rd5 Ke7 55. Kc4 Nd7 56. Kd4 Nb6 57. Kxe3 1-0

[Event "Late-Titled-Tuesday-Blitz-June-04-2024"]
[Site "Chess.com"]
[Date "2024.06.04"]
[Round "7"]
[White "StoreySniper"]
[Black "Jagerrmeisterr"]
[Result "0-1"]
[WhiteElo "2474"]
[BlackElo "2673"]
[TimeControl "180+1"]
[EndTime "15:16:26 PDT"]
[Termination "Jagerrmeisterr won by resignation"]

1. c4 Nf6 2. g3 g6 3. Bg2 Bg7 4. d4 O-O 5. e3 d6 6. Ne2 c6 7.
Nbc3 Qc7 8. O-O e5 9. h3 Re8 10. b3 a5 11. a4 Na6 12. Ba3 Nb4 13. Na2 exd4 14. Nxd4 Nxa2 15. Rxa2 Ne4 16. Ne2 Nc5 17. Rd2 Bf5 18. Rxd6 Qb6 19. Nd4 Be4 20. Bxc5 Qxc5 21. Rd7 Bxg2 22. Kxg2 Rad8 23. Rxd8 Rxd8 24. Ne6 Rxd1 25.
Nxc5 Rd2 26. Nxb7 Bc3 27. Rc1 Bb4 28. c5 Rd3 29. Rc4 Rxb3 30. Nd8 Rb2 31. Nxc6 Be1 32. Rf4 Bd2 33. Kf3 Rc2 34. Ne5 Rxc5 35. Nxf7 Bb4 36. Nh6+ Kg7 37. Ng4 h5 38. Nh2 g5 39. Re4 Rc2 40.
g4 h4 41. Re5 Be1 42. Rxg5+ Kh6 43. Rf5 Rxf2+ 44. Ke4 Rxh2 45. Rxa5 Bxa5 46. Kf5 Rxh3 47. g5+ Kg7 48. e4 Rf3+ 49. Kg4 Re3 50. Kxh4 Rxe4+ 51.
Kh5 Rxa4 52. g6 Ra1 53. Kg5 Bd8+ 54. Kh5 Rh1+ 55. Kg4 Rh6 56. Kf5 Rxg6 57. Ke5 Rf6 58. Kd5 Kf7 0-1

[Event "Late-Titled-Tuesday-Blitz-June-04-2024"]
[Site "Chess.com"]
[Date "2024.06.04"]
[Round "7"]
[White "N_I_Chess"]
[Black "FischerKasparow"]
[Result "1-0"]
[WhiteElo "2291"]
[BlackElo "2094"]
[TimeControl "180+1"]
[EndTime "15:16:26 PDT"]
[Termination "N_I_Chess won on time"]

1. d4 e6 2. c4 f5 3. Nc3 Nf6 4. h3 Be7 5. Bf4 d5 6. cxd5 exd5 7.
Nb5 Na6 8. Nf3 O-O 9. e3 Ne4 10.
Bd3 c6 11. Nc3 Be6 12. O-O Nb4 13. Bb1 Bd6 14. Bxd6 Qxd6 15. Ne5 c5 16. a3 cxd4 17. Qxd4 Nc6 18. Nxc6 bxc6 19. Nxe4 fxe4 20. Bxe4 c5 21. Qd2 Qe5 22. Bd3 Rab8 23. b4 c4 24.
Bc2 Qg5 25. Kh1 Qh4 26. f4 Rbd8 27. f5 Bf7 28. Rf4 Qf6 29. Rd4 Qe5 30. e4 dxe4 31.
Rxd8 Qxa1+ 32. Qd1 Qxd1+ 33. Rxd1 e3 34. Re1 Re8 35. g4 Bd5+ 36. Kh2 c3 37. Kg3 Kf7 38. Kf4 e2 39. Kg3 Re3+ 40. Kf2 Rxh3 41. Rxe2 Rh2+ 42. Ke3 Rxe2+ 43. Kxe2 Kf6 44. Ke3 Kg5 45. Kd4 Bf3 46.
Kxc3 Bxg4 47. f6 1-0